AoeStats
← El Oso Rulo

Arena

507728017Analyzed
4v4 RM · 12d ago on Sep 19, 2026· 42m 47s· 8 players
Game mode
Random Map
Map size
Large (8 player)
Population
200
Speed
Normal
Resources
Standard
Victory
Conquest
Starting age
Dark Age
Ending age
Imperial Age
RankedLock teamsTeams togetherTeam positionsShared explorationLock speedFull tech treeHidden civsTurbo modeCheats
Victory
Defeat
🇨🇳 Mongols · China
905
+15
🇨🇳 Inca · China
842
+29
🇨🇳 Huns · China
842
+29
🇨🇳 Poles · China
841
+18
🇷🇺 Bohemians · Russia
900
-19
🇹🇷 Japanese · Türkiye
889
-17
🇩🇪 Inca · Germany
873
-17
🇦🇷 Lithuanians · Argentina
862
-16
Eternal_Memory
7:36 Loom
9:57 Feudal Age
14:55 Castle Age
13:41 Double-Bit Axe
13:37 Horse Collar
17:06 Bow Saw
19:50 Wheelbarrow
19:07 Town Watch
23:19 Stone Mining
26:02 Stone Shaft Mining
25:17 Gold Mining
25:48 Hand Cart
30:26 Imperial Age
28:43 Gold Shaft Mining
29:04 Town Watch
29:52 Fletching
30:17 Bloodlines
30:08 Husbandry
30:30 Ballistics
30:17 Thumb Ring
31:05 Bodkin Arrow
32:14 Chemistry
31:42 Parthian Tactics
31:39 Conscription
32:00 Bracer
32:00 Padded Archer Armor
32:24 Light Cavalry
33:13 Scale Barding Armor
32:52 Elite Mangudai
33:38 Capped Ram
35:49 Leather Archer Armor
35:42 Siege Ram
36:57 Chain Barding Armor
40:44 Forging
40:44 Siege Engineers
QQX
11:01 Feudal Age
12:30 Double-Bit Axe
12:28 Horse Collar
15:32 Wheelbarrow
20:03 Castle Age
20:12 Bloodlines
21:05 Scale Barding Armor
21:42 Bow Saw
21:55 Heavy Plow
26:11 Light Cavalry
26:54 Husbandry
30:15 Imperial Age
32:43 Cavalier
34:14 Elite Tarkan
35:34 Marauders
tianshi
9:47 Feudal Age
10:28 Double-Bit Axe
10:25 Horse Collar
14:40 Wheelbarrow
18:03 Castle Age
16:47 Stone Mining
19:49 Bow Saw
19:44 Heavy Plow
24:15 Hand Cart
25:58 Gold Mining
26:00 Town Watch
30:26 Imperial Age
28:19 Scale Barding Armor
28:24 Forging
28:31 Loom
29:18 Town Watch
30:13 Bloodlines
30:04 Husbandry
30:28 Chain Barding Armor
30:43 Iron Casting
30:24 Szlachta Privileges
30:57 Cavalier
34:17 Blast Furnace
35:05 Light Cavalry
LJ
9:51 Feudal Age
11:01 Double-Bit Axe
13:47 Horse Collar
19:23 Castle Age
20:07 Scale Mail Armor
20:17 Forging
20:45 Bow Saw
20:26 Gold Mining
20:27 Stone Mining
20:38 Heavy Plow
22:00 Chain Mail Armor
25:13 Gold Shaft Mining
25:13 Stone Shaft Mining
25:07 Town Watch
27:25 Wheelbarrow
26:38 Loom
28:02 Town Patrol
31:00 Squires
30:45 Arson
34:52 Imperial Age
32:39 Hand Cart
34:06 Iron Casting
34:58 Elite Kamayuk
35:59 Conscription
35:54 Fabric Shields
35:39 Capped Ram
36:32 Siege Ram
37:53 Plate Mail Armor
41:35 Blast Furnace
41:35 Caravan
El Oso Rulo
0:30 Loom
10:43 Feudal Age
11:16 Double-Bit Axe
11:17 Horse Collar
19:33 Castle Age
18:47 Gold Mining
18:47 Stone Mining
19:08 Scale Barding Armor
19:26 Forging
22:48 Stone Shaft Mining
22:49 Bow Saw
26:36 Chain Barding Armor
26:51 Iron Casting
26:31 Heavy Plow
27:10 Husbandry
32:44 Imperial Age
30:45 Treadmill Crane
31:16 Fortified Wall
31:28 Ballistics
32:56 Wheelbarrow
34:26 Conscription
33:27 Elite Leitis
35:22 Crop Rotation
34:56 Cavalier
36:32 Fletching
39:35 Plate Barding Armor
40:29 Onager
42:40 Hand Cart
PatriotTURK
2:18 Loom
9:58 Feudal Age
10:38 Horse Collar
10:49 Double-Bit Axe
18:34 Castle Age
16:57 Gold Mining
20:14 Bow Saw
20:06 Heavy Plow
27:49 Imperial Age
26:01 Wheelbarrow
26:27 Squires
26:12 Arson
26:32 Scale Mail Armor
26:42 Forging
26:28 Stone Mining
27:18 Gold Shaft Mining
28:26 Hand Cart
29:34 Chain Mail Armor
29:56 Iron Casting
30:42 Two-Man Saw
30:22 Treadmill Crane
31:03 Ballistics
31:43 Chemistry
31:45 Plate Mail Armor
31:37 Elite Samurai
34:20 Blast Furnace
33:50 Conscription
33:33 Town Watch
runningelmi
0:26 Loom
9:45 Loom
12:22 Feudal Age
17:10 Castle Age
16:11 Scale Mail Armor
16:21 Forging
16:05 Double-Bit Axe
16:10 Horse Collar
19:18 Bow Saw
22:07 Heavy Plow
23:44 Town Watch
30:50 Imperial Age
29:09 Wheelbarrow
28:26 Pikeman
28:53 Arson
30:07 Squires
31:25 Town Patrol
32:23 Elite Skirmisher
33:00 Fletching
33:11 Padded Archer Armor
33:27 Chain Mail Armor
33:22 Forging
34:06 Forging
34:17 Murder Holes
34:44 Ballistics
36:14 Fortified Wall
35:43 Halberdier
37:09 Conscription
37:58 Iron Casting
40:07 Plate Mail Armor
Adment_Vk
1:20 Loom
10:35 Feudal Age
17:20 Castle Age
17:14 Double-Bit Axe
17:30 Horse Collar
22:04 Bow Saw
23:08 Heavy Plow
24:56 Wheelbarrow
29:32 Imperial Age
27:44 Hand Cart
28:48 Chemistry
28:22 Pikeman
29:44 Squires
31:31 Conscription
32:37 Two-Man Saw
32:17 Halberdier
33:48 Arson
34:39 Forging
35:24 Fletching
36:09 Iron Casting
36:03 Ballistics
35:15 Elite Skirmisher
35:52 Houfnice
38:00 Bodkin Arrow
39:21 Treadmill Crane
40:37 Caravan
Connection lost

Rejoining the realm…

Still unreachable

The connection could not be restored.

Session expired

The server has moved on; the page needs a fresh start.